 Dungeon Crawl Stone Soup version 0.30-a0-782-ge64f9170bb (webtiles) character file.

Game seed: 2016709407923739713

485663 HoaS the Crack Shot (level 22, -7/217 HPs)
             Began as a Demigod Hunter on Mar 13, 2023.
             Mangled by a vault guard
             ... wielding a +1 great mace
              (22 damage)
             ... on level 5 of the Vaults on Mar 14, 2023.
             The game lasted 01:59:16 (48639 turns).

HoaS the Crack Shot (Demigod Hunter)               Turns: 48639, Time: 01:59:17

Health: -7/217     AC: 17    Str: 12    XL:     22   Next: 72%
Magic:  26/26      EV: 65    Int: 11    God:
Gold:   5515       SH:  0    Dex: 60    Spells: 21/21 levels left

rFire   + . .      SeeInvis .    e - +1 longbow (flame)
rCold   + . .      Faith    .    (shield currently unavailable)
rNeg    + . .      Spirit   .    a - +5 steam dragon scales
rPois   +          Reflect  .    v - -2 hat of the Alchemist {rElec rPois rF+ rC+ rN+ Will+ rMut rCorr}
rElec   +          Harm     .    E - +2 cloak
rCorr   +          Rampage  .    R - +2 pair of gloves {Dex+3}
rMut    +                        g - +2 pair of boots
Will    +++..                    A - amulet of regeneration
Stlth   ++++                     G - +6 ring of dexterity
HPRegen 1.36/turn                J - +6 ring of dexterity
MPRegen 0.20/turn

@: hasted (expiring), studying 2 skills, invisible, very quick
A: high MP 1, forlorn, divine attributes
}: 2/15 runes: decaying, gossamer
a: no special abilities


You were on level 5 of the Vaults.
You visited 9 branches of the dungeon, and saw 44 of its levels.
You visited 1 bazaar.
You also visited: Bailey and Gauntlet.

You collected 6777 gold pieces.
You spent 1262 gold pieces at shops.

Inventory:

Hand Weapons
 e - a +1 longbow of flaming (weapon)
Missiles
 k - 2 throwing nets
Armour
 a - +5 steam dragon scales (worn)
 g - a +2 pair of boots (worn)
 v - the -2 hat of the Alchemist (worn) {rElec rPois rF+ rC+ rN+ Will+ rMut rCorr}
   (You found it on level 4 of the Lair of Beasts)

   rF:        It protects you from fire.
   rC:        It protects you from cold.
   rElec:     It insulates you from electricity.
   rPois:     It protects you from poison.
   rN:        It protects you from negative energy.
   rCorr:     It protects you from acid and corrosion.
   rMut:      It protects you from mutation.
   Will:      It increases your willpower.
 E - a +2 cloak (worn)
 R - a +2 pair of gloves of dexterity (worn)
Jewellery
 c - a ring of flight
 m - a ring of positive energy
 r - a ring of willpower
 s - the ring "Liush" {Fire rElec rN++ Int-3 Stlth+}
   (You found it on level 6 of the Dungeon)

   [ring of fire]

   It enhances your fire magic.
   Int:       It affects your intelligence (-3).
   rF:        It protects you from fire.
   rC:        It makes you vulnerable to cold.
   rElec:     It insulates you from electricity.
   rN:        It greatly protects you from negative energy.
   Stlth:     It makes you more stealthy.
 t - a ring of willpower
 x - a ring of protection from cold
 z - a ring of fire
 A - an amulet of regeneration (around neck)
 G - a +6 ring of dexterity (left hand)
 J - a +6 ring of dexterity (right hand)
 L - a ring of poison resistance
 M - a +4 ring of protection
 O - a ring of protection from fire
 P - a +6 ring of dexterity
Wands
 u - a wand of acid (26)
 w - a wand of digging (17)
Scrolls
 b - 8 scrolls of immolation
 i - 2 scrolls of silence
 j - 17 scrolls of teleportation
 n - 8 scrolls of blinking
 o - a scroll of enchant armour
 y - 7 scrolls of fog
 C - 6 scrolls of fear
 D - 10 scrolls of magic mapping
 H - 3 scrolls of poison
 N - a scroll of brand weapon
Potions
 d - 23 potions of curing
 f - 16 potions of ambrosia
 h - 10 potions of lignification
 l - 18 potions of attraction
 p - a potion of haste
 q - 4 potions of cancellation
 B - 4 potions of resistance
 F - 4 potions of mutation
 I - 6 potions of flight
 K - 5 potions of invisibility


   Skills:
 + Level 22.7 Fighting
 + Level 22.7 Ranged Weapons
 + Level 22.7 Dodging
 - Level 0.8 Stealth


You had 21 spell levels left.
You didn't know any spells.
Your spell library contained the following spells:

 Spells                   Type           Power      Damage    Failure   Level
 Apportation              Tloc           0%         N/A       34%         1
 Beastly Appendage        Tmut           0%         N/A       34%         1
 Foxfire                  Conj/Fire      0%         2x1d4     34%         1
 Freeze                   Ice            0%         1d3       34%         1
 Magic Dart               Conj           0%         1d3       34%         1
 Necrotise                Necr           0%         1d4       34%         1
 Slow                     Hex            0%         N/A       34%         1
 Call Imp                 Summ           0%         N/A       47%         2
 Cigotuvi's Dreadful Rot  Necr/Pois/Air  0%         N/A       47%         2
 Lesser Beckoning         Tloc           0%         N/A       47%         2
 Poisonous Vapours        Pois/Air       0%         N/A       47%         2
 Searing Ray              Conj           0%         2d4       47%         2
 Wereblood                Tmut           0%         N/A       47%         2
 Call Canine Familiar     Summ           0%         N/A       71%         3
 Dazzling Flash           Conj/Hex       0%         N/A       71%         3
 Frozen Ramparts          Ice            0%         1d1       71%         3
 Gell's Gravitas          Tloc           0%         N/A       71%         3
 Hailstorm                Conj/Ice       0%         3d3       71%         3
 Ignite Poison            Fire/Tmut/Pois 0%         N/A       71%         3
 Inner Flame              Hex/Fire       0%         N/A       71%         3
 Mephitic Cloud           Conj/Pois/Air  0%         N/A       71%         3
 Portal Projectile        Hex/Tloc       0%         N/A       71%         3
 Spider Form              Tmut/Pois      0%         N/A       71%         3
 Teleport Other           Tloc           0%         N/A       71%         3
 Tukima's Dance           Hex            0%         N/A       71%         3
 Vampiric Draining        Necr           0%         2d6       71%         3
 Animate Dead             Necr           0%         N/A       98%         4
 Cause Fear               Hex            0%         N/A       98%         4
 Flame Wave               Conj/Fire      0%         2d4       98%         4
 Fulminant Prism          Conj/Hex       0%         3d5       98%         4
 Ice Form                 Ice/Tmut       0%         N/A       98%         4
 Leda's Liquefaction      Hex/Erth       0%         N/A       98%         4
 Passage of Golubria      Tloc           0%         N/A       98%         4
 Petrify                  Tmut/Erth      0%         N/A       98%         4
 Sticky Flame             Conj/Fire      0%         2d3       98%         4
 Summon Ice Beast         Ice/Summ       0%         N/A       98%         4
 Agony                    Necr           0%         N/A       100%        5
 Alistair's Intoxication  Tmut/Pois      0%         N/A       100%        5
 Borgnjor's Vile Clutch   Necr/Erth      0%         N/A       100%        5
 Fireball                 Conj/Fire      0%         3d3       100%        5
 Iskenderun's Battlesphe  Conj           0%         2d6       100%        5
 Metabolic Englaciation   Hex/Ice        0%         N/A       100%        5
 Silence                  Hex/Air        0%         N/A       100%        5
 Yara's Violent Unravell  Hex/Tmut       0%         3d3       100%        5
 Conjure Ball Lightning   Conj/Air       0%         3x3d6     100%        6
 Death Channel            Necr           0%         N/A       100%        6
 Iron Shot                Conj/Erth      0%         9d1       100%        6
 Starburst                Conj/Fire      0%         6d3       100%        6
 Statue Form              Tmut/Erth      0%         N/A       100%        6
 Orb of Destruction       Conj           0%         9d5       100%        7
 Spellforged Servitor     Conj/Summ      0%         N/A       100%        7
 Discord                  Hex            0%         N/A       100%        8
 Ignition                 Fire           0%         3d3       100%        8


Dungeon Overview and Level Annotations

Branches:
Dungeon (15/15)            Temple (0/1) D:5            Lair (5/5) D:8
  Swamp (4/4) Lair:3       Spider (4/4) Lair:3        Slime (0/5) Lair:4
    Orc (2/2) D:11            Elf (2/3) Orc:2        Vaults (5/5) D:14
  Crypt (3/3) Vaults:2       Tomb (0/3) Crypt:3      Depths (4/4) D:15
    Zot (0/5) Depths:4     Bailey (visited)         Gauntlet (visited)

Shops:
D:6 (   D:9 ((   D:15 *   Orc:2 *([=   Elf:1 :   Vaults:2 !

Portals:
Hell: Depths:1 Depths:2 Depths:3 Depths:4
Abyss: Depths:1 Depths:3 Depths:4
Pandemonium: Depths:1 Depths:2 Depths:4
Ziggurat: Depths:4

Annotations:
D:11 2 transporters, emiel's ghost, journeyman KoEE


Innate Abilities, Weirdness & Mutations

You have an increased reservoir of magic. (+10% MP)
You shall have no god before yourself.
Your divine heritage dramatically boosts your attributes as you level up.


Message History

You shoot an arrow. The arrow hits the vault guard.
The arrow burns the vault guard.
The vault guard is lightly wounded.
* * * LOW HITPOINT WARNING * * *
You feel very sick.
Fire: e) +1 longbow (flame)
Press: ? - help, Q - select action, (/) - cycle Shift-Dir - straight line, f/p - vault warden
Aim: a vault warden, wielding a +4 bardiche of venom and wearing a +0 chain mail (almost dead, 82% to hit)
You shoot an arrow.
The arrow barely misses the vault guard.
The arrow closely misses the vault warden.
The runic seals fade away.
* * * LOW HITPOINT WARNING * * *
You feel sick.
You feel better.
The vault guard hits you with a +2 vampiric battleaxe.
* * * LOW HITPOINT WARNING * * *
The vault warden completely misses you.
The vault guard completely misses you. x6
The vault guard closely misses you. The vault guard completely misses you.
Fire: e) +1 longbow (flame)
Press: ? - help, Q - select action, (/) - cycle Shift-Dir - straight line, f/p - vault warden
Aim: a vault warden, wielding a +4 bardiche of venom and wearing a +0 chain mail (almost dead, 82% to hit)
You shoot an arrow. The arrow hits the vault guard!!
The arrow burns the vault guard!
The vault guard is severely wounded.
Your extra speed is starting to run out.
Fire: e) +1 longbow (flame)
Press: ? - help, Q - select action, (/) - cycle Shift-Dir - straight line, f/p - vault warden
Aim: a vault warden, wielding a +4 bardiche of venom and wearing a +0 chain mail (almost dead, 82% to hit)
You shoot an arrow. The arrow hits the vault guard!
The arrow burns the vault guard.
You kill the vault guard!
The vault guard hits you with a +0 long sword.
* * * LOW HITPOINT WARNING * * *
The vault warden activates a sealing rune.
The vault guard barely misses you.
The vault guard completely misses you. x3
The vault guard hits you from afar with a +0 glaive.
* * * LOW HITPOINT WARNING * * *
The vault guard hits you with a +1 great mace!!
You die...

#...#....#..##
...#....#....
...........
####........###
...............
.......ppp.....
......pppp.....
.....pp@pp.....
##....pppp..###
...............
..........#....
..........# ...
.....#....# ..
.....#....# .
.....#....#


You could see a vault warden and 14 vault guards.

Vanquished Creatures
  Bai Suzhen (Vaults:4)
  A golden dragon (Depths:4)
  Jory (Vaults:3)
  2 bone dragons (Crypt:3)
  Jorgrun (Spider:1)
  Zenata (Vaults:1)
  A tentacled monstrosity (Depths:2)
  5 liches
  The ghost of Xaebebb the Destroyer, an adept DrCj of Vehumet (Spider:2)
  A titan (Depths:2)
  6 ancient champions
  Agnes (Spider:1)
  3 sphinxes
  Frances (Swamp:2)
  A shadow dragon (Depths:4)
  Roxanne (D:14)
  5 tengu reavers
  4 fire giants
  9 frost giants
  A revenant (Crypt:3)
  An iron dragon (Depths:2)
  A balrug (Depths:4)
  4 curse skulls
  A draconian scorcher (Depths:4)
  11 vault wardens
  4 emperor scorpions
  A shard shrike simulacrum (Crypt:3)
  3 ghost moths
  9 ghouls
  3 orc warlords
  The ghost of Abboc the Unseen, an adept VSWr of Wu Jian (Spider:2)
  10 ironbound preservers
  6 very ugly things
  3 war gargoyles
  3 eleionomae
  A spriggan defender (Depths:4)
  3 vampire knights
  11 stone giants
  7 ironbound thunderhulks
  A minotaur (Gauntlet)
  A green draconian (Depths:4)
  6 bunyips
  A deep elf annihilator (Vaults:3)
  A yellow draconian (Depths:4)
  7 dire elephants
  A white draconian (Depths:4)
  5 spark wasps
  A purple draconian (Depths:4)
  A blizzard demon (Depths:1)
  A merfolk javelineer (Depths:2)
  Snorg (Lair:5)
  An eidolon (Crypt:3)
  A deep elf death mage (Crypt:3)
  3 ettins
  10 fire dragons
  5 crystal guardians
  8 yaktaur captains
  6 jiangshi
  An entropy weaver (shapeshifter) (D:14)
  8 ice dragons
  Fannar (Lair:1)
  A quicksilver dragon skeleton (Crypt:1)
  14 vault guards
  The ghost of Angani the Fighter, a journeyman DrHW of Jiyva (Lair:2)
  8 entropy weavers
  6 rakshasas
  3 great orbs of eyes
  6 peacekeepers
  14 ironbound frosthearts
  An ogre mage (D:15)
  2 ghost crabs
  3 caustic shrike simulacra
  3 spriggan air magi (Depths:3)
  17 centaur warriors
  A jorogumo (shapeshifter) (Vaults:5)
  5 spriggan skeletons
  The ghost of emiel the Geomancer, a journeyman DsEE of Vehumet (Lair:1)
  Erica (Lair:2)
  A hell beast (Depths:2)
  11 alligators
  A jorogumo (Spider:4)
  14 hydras
  3 catoblepae
  A death knight (Vaults:2)
  12 boulder beetles
  26 dancing weapons
  3 radroaches
  6 death scarabs (Spider:4)
  2 fenstrider witch skeletons (Crypt:1)
  8 two-headed ogres
  6 vampire magi
  8 deep troll shamans
  9 deep troll earth magi
  5 spriggan berserkers
  2 soul eaters
  4 orc high priests (Orc:2)
  5 tengu warriors
  13 death yaks
  2 thrashing horrors (Gauntlet)
  9 hell knights (Depths:4)
  A titan zombie (Depths:2)
  10 deep elf knights
  7 spriggans
  2 titan skeletons (Crypt:1)
  Amaemon (Lair:2)
  6 shadow wraiths (Crypt:3)
  3 fire crabs
  6 iron trolls
  2 sun moths
  12 pharaoh ants
  33 skeletal warriors
  34 deep trolls
  An elf simulacrum (Crypt:3)
  A sixfirhy (Depths:2)
  4 goliath frogs
  8 swamp dragons
  A skyshark (Lair:2)
  6 glowing orange brains
  14 orb spiders
  8 steelbarb worms
  2 spriggan druids (Swamp:2)
  7 deep elf archers
  7 spriggan simulacra (Crypt:3)
  5 flayed ghosts
  2 necromancers
  2 wolf spider zombies (Spider:4)
  8 bog bodies
  6 orc knights
  A bunyip skeleton (Crypt:3)
  17 ironbound convokers
  4 spectral wolf spiders (Spider:4)
  A spectral jorogumo (Spider:4)
  23 lindwurms
  6 wizards
  A harpy (Vaults:3)
  13 wolf spiders
  3 phantasmal warriors
  19 deep elf pyromancers
  4 orc sorcerers
  6 deep elf zephyrmancers
  3 manticores
  A shining eye (Depths:4)
  3 cyclopes
  34 ugly things
  A will-o-the-wisp (Swamp:4)
  A sphinx skeleton (Crypt:2)
  8 elephants
  7 moths of wrath
  2 stone giant skeletons (Crypt:1)
  An iron dragon skeleton (Crypt:1)
  An ice statue (Gauntlet)
  An elephant (shapeshifter) (Depths:1)
  A skyshark zombie (Crypt:1)
  A molten gargoyle (Swamp:4)
  10 black mambas
  A naga mage (Vaults:1)
  2 smoke demons (Depths:4)
  An eleionoma skeleton (Crypt:2)
  4 gargoyles
  Joseph (D:9)
  10 vault sentinels
  A centaur skeleton (Crypt:1)
  2 orange demons
  3 torpor snails
  2 eyes of devastation (Depths:4)
  9 cane toads
  6 demonic crawlers
  2 dire elephant skeletons
  An unseen horror zombie (Crypt:2)
  16 freezing wraiths
  A rime drake (shapeshifter) (D:14)
  A pale draconian zombie (Crypt:2)
  A kobold demonologist (D:11)
  14 komodo dragons
  7 rime drakes
  39 yaktaurs
  3 spectral redbacks (Spider:4)
  3 redback zombies (Spider:4)
  An alligator snapping turtle skeleton (Crypt:1)
  An anaconda simulacrum (Crypt:3)
  An efreet (D:14)
  A golden dragon simulacrum (Crypt:3)
  4 tengu conjurers
  A komodo dragon (shapeshifter) (D:15)
  4 guardian mummies (D:12)
  A harpy zombie (Crypt:1)
  A bloated husk (Swamp:1)
  6 meliai
  8 hornets
  A queen bee (Lair:2)
  5 trolls
  3 hellwings
  3 polar bears
  Prince Ribbit (D:5)
  8 tyrant leeches
  20 tarantellas
  3 jumping spider zombies (Spider:4)
  A spectral culicivora (Spider:4)
  A raiju (Spider:2)
  A great orb of eyes zombie (Crypt:1)
  5 harpy skeletons (Crypt:1)
  2 spriggan zombies
  3 blink frogs (Lair:5)
  A stone giant simulacrum (Crypt:3)
  A tarantella zombie (Spider:4)
  6 dream sheep (Lair:3)
  An ice dragon zombie (Crypt:2)
  A death drake skeleton (Crypt:3)
  A radroach zombie (Crypt:1)
  14 flying skulls
  2 centaur simulacra (Crypt:3)
  An air elemental (Elf:1)
  A fire dragon skeleton (Crypt:1)
  31 slime creatures
  30 jumping spiders
  A dire elephant simulacrum (Crypt:3)
  23 culicivoras
  2 ynoxinuls
  2 naga simulacra (Crypt:3)
  2 shadows
  6 wraiths
  21 yaks
  A yak (shapeshifter) (D:15)
  2 vampires
  4 water elementals
  A black mamba skeleton (Crypt:1)
  6 wyverns
  7 basilisks
  A chaos spawn (Depths:1)
  2 fire elementals (Elf:1)
  4 humans (Vaults:1)
  61 redbacks
  An alligator snapping turtle simulacrum (Crypt:3)
  A death yak simulacrum (Lair:2)
  5 steam dragons
  8 vampire mosquitoes
  2 neqoxecs
  18 swamp worms
  6 wargs
  3 harpy simulacra
  An acid dragon (D:12)
  A faun zombie (Crypt:2)
  A deep troll skeleton (Crypt:1)
  2 merfolk skeletons (Crypt:2)
  2 naga skeletons (Crypt:1)
  16 water moccasins
  40 orc warriors
  9 swamp drakes
  2 ice beasts
  A sky beast (D:8)
  3 black bears
  9 ogres
  8 boggarts
  A swamp dragon skeleton (Crypt:1)
  28 wolves
  11 centaurs
  2 phantoms (D:11)
  A fire crab zombie (Crypt:1)
  3 kobold brigands
  10 bullfrogs
  2 cane toad simulacra (Lair:2)
  3 necrophages
  3 earth elementals
  4 scorpions
  4 wights (D:8)
  A warg zombie (Crypt:1)
  A yak zombie (Crypt:3)
  3 small abominations (Gauntlet)
  2 troll zombies
  22 killer bees (Lair:2)
  A water moccasin skeleton (Crypt:3)
  A yak skeleton (Crypt:1)
  5 howler monkeys
  7 electric eels
  A wolf zombie (Crypt:2)
  A torpor snail simulacrum (Lair:2)
  A hound (D:5)
  7 orc priests
  A jelly (D:6)
  Jessica (D:3)
  4 gnoll boudas
  6 iguanas
  Natasha (thrice) (D:3)
  15 orc wizards
  2 yak simulacra (Lair:2)
  5 ogre zombies (D:11)
  4 mummies (D:12)
  A howler monkey zombie (Crypt:3)
  11 adders
  21 gnolls
  A shadow imp (D:6)
  A white imp (D:7)
  An ufetubus (D:6)
  A worm zombie (Crypt:3)
  A worm (D:2)
  58 orcs
  7 bats
  11 endoplasms
  2 giant cockroaches
  19 goblins
  19 hobgoblins
  7 jackals (D:1)
  A quokka (D:1)
  6 ball pythons
  3 frilled lizards
  A goblin skeleton (D:11)
  4 goblin zombies (D:11)
  2 hobgoblin zombies (D:11)
  18 kobolds
  An orc skeleton (D:11)
  11 orc zombies (D:11)
  2 rats
  A rat zombie (Crypt:3)
1779 creatures vanquished.

Vanquished Creatures (others)
  A hydra (Swamp:4)
  A deep troll (Vaults:3)
  A wizard (Vaults:2)
  An ugly thing (Vaults:3)
  2 steam dragons (Swamp:4)
  A swamp worm (Swamp:4)
  A swamp drake (Swamp:4)
  3 bushes (D:8)
  58 fungi
  52 plants
  2 withered plants
123 creatures vanquished.

Grand Total: 1902 creatures vanquished

Notes
Turn   | Place    | Note
-------+----------+-------------------------------------------
     0 | D:1      | HoaS the Demigod Hunter began the quest for the Orb.
     0 | D:1      | Reached XP level 1. HP: 17/17 MP: 3/3
   308 | D:1      | Reached XP level 2. HP: 24/24 MP: 4/4
   602 | D:1      | Reached XP level 3. HP: 27/29 MP: 5/5
  1063 | D:2      | Identified a scroll of acquirement
  1063 | D:2      | Acquired 1006 gold pieces
  1192 | D:2      | Reached skill level 5 in Ranged Weapons
  1426 | D:2      | Reached XP level 4. HP: 36/36 MP: 6/6
  1924 | D:3      | Noticed Natasha
  1940 | D:3      | Killed Natasha
  1965 | D:3      | Noticed Natasha
  1979 | D:3      | Killed Natasha
  2012 | D:3      | Noticed Natasha
  2021 | D:3      | Killed Natasha
  2022 | D:3      | Reached XP level 5. HP: 16/41 MP: 7/7
  2325 | D:3      | Noticed Jessica
  2338 | D:3      | Killed Jessica
  2881 | D:4      | Noticed an ogre
  2942 | D:5      | Entered Level 5 of the Dungeon
  3070 | D:5      | Reached XP level 6. HP: 40/48 MP: 8/8
  3099 | D:5      | Noticed Prince Ribbit
  3182 | D:5      | Found a staircase to the Ecumenical Temple.
  4007 | D:4      | Reached XP level 7. HP: 52/53 MP: 9/9
  4364 | D:6      | Identified the ring "Liush" {Fire rElec rN++ Int-3 Stlth+}
  4686 | D:6      | Found Plog's Antique Weapon Boutique.
  4931 | D:6      | Reached XP level 8. HP: 60/60 MP: 10/10
  4962 | D:6      | Reached skill level 10 in Ranged Weapons
  5346 | D:5      | Killed Prince Ribbit
  5554 | D:7      | Identified the +5 ring mail of Devotion {Drain rPois rN+
                  | rCorr}
  5766 | D:7      | Identified the +3 hand axe "Worm" {venom, rCorr Int+3}
  6230 | D:8      | Reached XP level 9. HP: 52/67 MP: 11/11
  6351 | D:8      | Identified the +0 falchion of the Grave {freeze, rPois}
  6773 | D:8      | Found a staircase to the Lair.
  7210 | D:8      | Reached XP level 10. HP: 64/73 MP: 13/13
  7254 | D:8      | Got the Quarto of Flame
  7455 | D:9      | Found Enouprat's Weapon Boutique.
  7906 | D:9      | Found Geng's Weapon Shoppe.
  7976 | D:9      | Noticed Joseph
  7987 | D:9      | Killed Joseph
  8486 | Lair:1   | Entered Level 1 of the Lair of Beasts
  8650 | Lair:1   | Found a runed translucent door.
  8948 | Lair:1   | Reached skill level 15 in Ranged Weapons
  9323 | Lair:1   | Noticed Fannar
  9489 | Lair:1   | Noticed a black mamba
  9502 | Lair:1   | Killed a black mamba
  9864 | Lair:1   | Noticed emiel's ghost (journeyman DsEE)
  9866 | Lair:1   | Noticed an eight-headed hydra
 10409 | Lair:2   | Found a runed translucent gate.
 10409 | Lair:2   | Found a runed translucent gate.
 10409 | Lair:2   | Found a runed translucent gate.
 10435 | Lair:2   | Noticed a black mamba
 10455 | Lair:2   | Killed a black mamba
 10637 | Lair:2   | Noticed an elephant
 10640 | Lair:2   | Noticed an elephant
 10642 | Lair:2   | Noticed an elephant
 10645 | Lair:2   | Noticed a black mamba
 10811 | Lair:2   | Noticed a death yak
 10838 | Lair:1   | Killed a death yak
 11067 | D:10     | Entered Level 10 of the Dungeon
 11075 | D:10     | Found a flagged portal.
 11087 | D:10     | Reached XP level 11. HP: 72/79 MP: 14/14
 11116 | Bailey   | Entered a bailey
 11282 | Bailey   | Noticed an orc knight
 11313 | Bailey   | Killed an orc knight
 11954 | Bailey   | Noticed an orc warlord
 12050 | D:10     | Reached skill level 5 in Fighting
 12050 | D:10     | Reached skill level 5 in Dodging
 12050 | D:10     | Reached XP level 12. HP: 95/95 MP: 15/15
 12213 | D:10     | Identified the +4 quarterstaff of Qattoow {antimagic, *Rage
                  | rF++ rN+++ rCorr}
 13528 | Lair:2   | Noticed Erica
 13534 | Lair:2   | Killed Erica
 13843 | Lair:2   | Noticed an ice dragon
 14069 | Lair:2   | Noticed Angani's ghost (journeyman DrHW)
 14095 | Lair:2   | Noticed Amaemon
 14102 | Lair:2   | Killed Amaemon
 14234 | Lair:3   | Found a hole to the Spider Nest.
 14497 | Lair:3   | Reached XP level 13. HP: 65/105 MP: 16/16
 14766 | Lair:3   | Found a staircase to the Swamp.
 15409 | Lair:4   | Found a staircase to the Slime Pits.
 15472 | Lair:4   | Found the -2 hat of the Alchemist {rElec rPois rF+ rC+ rN+
                  | Will+ rMut rCorr}
 16006 | Lair:5   | Entered Level 5 of the Lair of Beasts
 17375 | Lair:5   | Reached skill level 10 in Fighting
 17375 | Lair:5   | Reached skill level 10 in Dodging
 17815 | Lair:5   | Noticed Snorg
 18011 | Lair:5   | Killed Snorg
 18070 | Lair:5   | Reached XP level 14. HP: 122/122 MP: 17/17
 18183 | Lair:5   | Identified the +3 sling "Gefeass" {drain, rF+ Str+2}
 18464 | D:11     | Found a transporter.
 18472 | D:11     | Noticed emiel's ghost (journeyman KoEE)
 18489 | D:11     | Found a transporter.
 18717 | D:11     | Found a staircase to the Orcish Mines.
 19176 | D:12     | Noticed a reaper
 19176 | D:12     | Noticed a reaper
 19176 | D:12     | Noticed a reaper
 19176 | D:12     | Noticed a reaper
 19180 | D:12     | Noticed a reaper
 19431 | D:12     | You fall into a shaft and drop 3 floors!
 19431 | D:15     | Entered Level 15 of the Dungeon
 19437 | D:15     | Found Yhiuq's General Store.
 19444 | D:15     | Bought a scroll of teleportation for 39 gold pieces
 19776 | D:15     | Found a gate leading to a gauntlet.
 19785 | Gauntlet | Entered a Gauntlet
 19785 | Gauntlet | Found a transporter.
 19792 | Gauntlet | Found a transporter.
 19794 | Gauntlet | Found a transporter.
 19803 | Gauntlet | Found a runed translucent door.
 19805 | Gauntlet | Found a transporter.
 19807 | Gauntlet | Found a transporter.
 19818 | Gauntlet | Found a transporter.
 19832 | Gauntlet | Found a runed translucent door.
 19833 | Gauntlet | Found a transporter.
 19834 | Gauntlet | Found a runed translucent door.
 19847 | Gauntlet | Found a transporter.
 19855 | Gauntlet | Found a transporter.
 19860 | Gauntlet | Found a transporter.
 19860 | Gauntlet | Found a transporter.
 19883 | Gauntlet | Found a transporter.
 19886 | Gauntlet | Found a transporter.
 19942 | Gauntlet | Found a transporter.
 20665 | Gauntlet | Identified the +8 fire dragon scales of Time Monsters
                  | {rPois rF++ rC- Dex+2}
 21187 | D:15     | Found a staircase to the Depths.
 21901 | D:14     | Noticed Roxanne
 21913 | D:14     | Killed Roxanne
 22368 | D:14     | Found a gate to the Vaults.
 22735 | D:13     | Reached XP level 15. HP: 112/135 MP: 18/18
 24115 | Orc:1    | Entered Level 1 of the Orcish Mines
 24924 | Orc:2    | Entered Level 2 of the Orcish Mines
 25192 | Orc:2    | Found Siat's General Store.
 25210 | Orc:2    | Bought a potion of curing for 45 gold pieces
 25210 | Orc:2    | Bought a potion of heal wounds for 75 gold pieces
 25539 | Orc:2    | Found a staircase to the Elven Halls.
 25550 | Orc:2    | Found Boffey's Antique Weapon Emporium.
 25612 | Orc:2    | Found Boudgh's Jewellery Boutique.
 25633 | Orc:2    | Found Veisoo's Antique Armour Boutique.
 26038 | Orc:2    | Bought an amulet of regeneration for 390 gold pieces
 26216 | Spider:1 | Entered Level 1 of the Spider Nest
 26216 | Spider:1 | Noticed Jorgrun
 26220 | Spider:1 | Killed Jorgrun
 26486 | Lair:1   | Killed emiel's ghost
 26595 | Lair:1   | Killed Fannar
 26700 | Lair:2   | Killed Angani's ghost
 27032 | Spider:1 | Noticed Agnes
 27039 | Spider:1 | Killed Agnes
 27602 | Spider:2 | Reached skill level 15 in Fighting
 27604 | Spider:2 | Reached skill level 15 in Dodging
 27788 | Spider:2 | Found a runed translucent gate.
 27788 | Spider:2 | Found a runed translucent gate.
 27789 | Spider:2 | Found a runed translucent gate.
 27797 | Spider:2 | Noticed Xaebebb's ghost (adept DrCj)
 27797 | Spider:2 | Noticed Abboc's ghost (adept VSWr)
 27873 | Spider:2 | Reached XP level 16. HP: 149/149 MP: 19/19
 28459 | Spider:2 | Killed Abboc's ghost
 28476 | Spider:2 | Killed Xaebebb's ghost
 28610 | Spider:2 | Identified the ring of Benevolence {+Blink Str-5 Int+6
                  | Dex+3}
 29269 | Spider:4 | Entered Level 4 of the Spider Nest
 29441 | Spider:4 | Identified the +7 morningstar "Vypotz" {freeze, Fragile
                  | Will++ Int+4}
 30537 | Spider:4 | Reached XP level 17. HP: 161/161 MP: 20/20
 30628 | Spider:4 | Got a gossamer rune of Zot
 30830 | Swamp:1  | Entered Level 1 of the Swamp
 31568 | Swamp:2  | Noticed Frances
 31574 | Swamp:2  | Killed Frances
 32336 | Swamp:4  | Entered Level 4 of the Swamp
 32743 | Swamp:4  | Got a decaying rune of Zot
 33178 | Elf:1    | Entered Level 1 of the Elven Halls
 33214 | Elf:1    | You fall into a shaft and drop 1 floor!
 33397 | Elf:1    | Found Topiag's Book Shop.
 34455 | Elf:2    | Reached XP level 18. HP: 164/172 MP: 21/21
 34461 | Elf:2    | Found a runed translucent gate.
 34462 | Elf:2    | Found a runed translucent gate.
 34462 | Elf:2    | Found a runed translucent gate.
 35060 | Vaults:1 | Entered Level 1 of the Vaults
 35088 | Vaults:1 | Noticed Zenata
 35111 | Vaults:1 | Killed Zenata
 35153 | Vaults:1 | Found a flickering gateway to a bazaar.
 35231 | Bazaar   | Entered a bazaar
 35236 | Bazaar   | Found Ixareut's Assorted Antiques.
 35252 | Bazaar   | Found Ukkiteex's General Store.
 35260 | Bazaar   | Found Eliraer's General Store.
 35269 | Bazaar   | Found Edoypt's Magic Scroll Emporium.
 35277 | Bazaar   | Bought a scroll of enchant weapon for 75 gold pieces
 35354 | Vaults:1 | Identified the +2 hat of Ecviexke {rC+ Str-3 Slay+3}
 36216 | Vaults:2 | Found Isufaniu's Distillery.
 36232 | Vaults:2 | Bought a potion of experience for 550 gold pieces
 36232 | Vaults:2 | Bought a potion of curing for 33 gold pieces
 36232 | Vaults:2 | Bought a potion of heal wounds for 55 gold pieces
 36232 | Vaults:2 | Reached XP level 19. HP: 179/179 MP: 22/22
 36770 | Vaults:2 | Found a staircase to the Crypt.
 36904 | Vaults:2 | Reached XP level 20. HP: 189/189 MP: 24/24
 38038 | Vaults:3 | Noticed Jory
 38052 | Vaults:3 | Killed Jory
 38970 | Vaults:4 | Found a magical portal.
 39439 | Vaults:4 | Noticed Bai Suzhen
 39461 | Vaults:4 | Killed Bai Suzhen
 40165 | Depths:1 | Entered Level 1 of the Depths
 40851 | Depths:1 | Reached XP level 21. HP: 201/201 MP: 25/25
 41201 | Depths:1 | Found a one-way gate leading to the halls of Pandemonium.
 41222 | Depths:1 | Identified the +9 broad axe of the Pit {speed, rF+ rCorr
                  | Str+3}
 41464 | Depths:1 | Found a one-way gate to the infinite horrors of the Abyss.
 41522 | Depths:1 | Found a gateway to Hell.
 42110 | Depths:2 | Identified the +3 plate armour of the Present {rCorr}
 43502 | Depths:4 | Entered Level 4 of the Depths
 43847 | Depths:3 | Noticed a dread lich
 43904 | Depths:4 | Noticed a golden dragon
 43941 | Depths:4 | Killed a golden dragon
 43967 | Depths:4 | Found a gate to the Realm of Zot.
 44173 | Depths:4 | Found a one-way gateway to a ziggurat.
 44973 | Crypt:1  | Entered Level 1 of the Crypt
 45124 | Crypt:1  | Reached XP level 22. HP: 215/215 MP: 26/26
 46270 | Crypt:1  | Got Voig's Dissertation on Charmed Nausea
 47375 | Crypt:3  | Entered Level 3 of the Crypt
 47797 | Crypt:3  | Found a staircase to the Tomb.
 47833 | Crypt:3  | Noticed an ancient lich
 47833 | Crypt:3  | Noticed an ancient lich
 48312 | Crypt:3  | Noticed an ancient lich
 48570 | Vaults:5 | Entered Level 5 of the Vaults
 48639 | Vaults:5 | Mangled by a vault guard

Illustrated notes

Levels and vault maps discovered:
D:1:      amcnicky_arrival_gap_in_the_tavern_cellar, layout_loops_corners,
          basic_ecumenical_altar, chequers_serial_rivers_micro_d
D:2:      layout_basic, basic_altar, roderic_lattice_a, kennysheep_boxes
D:3:      layout_rooms, grunt_temple_overflow_bloody_war, uniq_natasha,
          uniq_jessica
D:4:      layout_loops_cross, minmay_misc_feat_doors
D:5:      layout_loops_ring, minmay_temple_entry_large_hall, uniq_prince_ribbit1
D:6:      layout_basic, serial_shops, nicolae_shop_overgrown_old_shop,
          kennysheep_generic_room_3
D:7:      cheibrodos_two_vegetables, layout_basic,
          nicolae_dithmenos_shadow_blocks
D:8:      layout_basic, minmay_lair_entry_grove, st_stairs_7
D:9:      layout_basic, serial_shops, nicolae_inconvenience_store,
          nicolae_stop_n_shop_1, worms_lemuel, uniq_joseph
D:10:     layout_loops_ring, enter_bailey_5
D:11:     layout_irregular_city, zombieorc1_lemuel, gammafunk_ghost_stat_death,
          reono_crystal_passage
D:12:     layout_basic, minmay_guarded_unrand_curses
D:13:     layout_stronghold
D:14:     layout_stronghold, david_vaults_4, chequers_avenue,
          nicolae_uskayaw_dance_hall, uniq_roxanne
D:15:     gammafunk_enter_depths_forms, layout_stronghold, serial_shops, shop,
          gauntlet_entry_generic, minivault_11
Lair:1:   layout_regular_city, ebering_ghost_inner_flame, wad_woods_road_04,
          uniq_fannar
Lair:2:   layout_roguey [special_room_bee], gammafunk_ghost_icy,
          beast_lair_carwin_1, grunt_megastairs_5, uniq_amaemon, uniq_erica
Lair:3:   wander_river, layout_regular_city, skrybe_swamp_entry_bodies,
          spider_nest_entry_a
Lair:4:   layout_roguey, slime_entry_1, kennysheep_basilisk_garden
Lair:5:   grunt_lair_end_beastmaster, layout_cellular_growth,
          infiniplex_staircase_pool, grunt_megastairs_4, uniq_snorg
Swamp:1:  layout_falls_marsh, evilmike_swamp_ruin_house_3, swamp_pool3
Swamp:2:  layout_basic_swamp, evilmike_swamp_ruin_house_2,
          statue_in_the_mist_lemuel, swamp_pool1, uniq_frances
Swamp:3:  layout_basic_swamp, hangedman_swamp_ruin_hall
Swamp:4:  swamp_fiery, layout_basic_swamp
Spider:1: layout_spider_delve, uniq_jorgrun, uniq_agnes
Spider:2: layout_spider_delve, gammafunk_ghost_cemetery,
          beargit_elvish_explorers
Spider:3: layout_spider_delve, nicolae_spider_cling_halls
Spider:4: floodkiller_spider_rune_tomb
Orc:1:    nicolae_orc_accident_3, layout_caves, mines1_david
Orc:2:    grunt_orc_gardens, layout_caves, grunt_orc_garden, grunt_orc_garden,
          grunt_orc_garden, grunt_orc_garden
Elf:1:    elf_arrival_002, layout_geoelf_diagonals, serial_shops,
          nicolae_lakefront_shop, serial_corexii_hall,
          corexii_hall_statues_deadend, chequers_hall_statues_corner_a
Elf:2:    nicolae_elf_blades_crystal_corner, layout_rooms
Vaults:1: hangedman_vaults_pinch, grunt_tower_of_power,
          nicolae_vaults_stairing_the_circle, v_misc_5, dpeg_vaults_monster_row,
          nicolae_vaults_twisting_passages, hangedman_vaults_slice,
          layout_vaults_maze_bifur, serial_shops, bzr_entry_customers,
          uniq_zenata
Vaults:2: hangedman_vaults_maws, minmay_crypt_entry_simple_walls,
          nicolae_vaults_theta, vaults_room_boxed, v_misc_8, vaults_room_pool,
          nicolae_vaults_specimen_jars, v_misc_8,
          vaults_standard_mumra_enter_the_diamond, v_misc_30,
          vaults_room_fancy_cross, v_misc_12, layout_vaults_big_room,
          serial_shops, shop
Vaults:3: vaults_room_large_hall, ontoclasm_vaults_fault, v_misc_5,
          dpeg_vaults_hating_casters, hangedman_vaults_slice,
          vaults_dpeg_encased_lava, vaults_mumra_minichess,
          ontoclasm_vaults_chip, vaults_room_door_ring,
          nicolae_vaults_three_branches, layout_vaults_omnigrid, uniq_jory
Vaults:4: infiniplex_enter_wizlab_glasses, v_pattern_1, grunt_vaults_funnel,
          v_misc_15, nicolae_vaults_little_squares_4,
          nicolae_vaults_little_squares_6, vaults_mumra_lcd,
          nicolae_vaults_theta, v_misc_3, v_misc_12, hangedman_vaults_stitches,
          v_rooms_1, hangedman_vaults_stretched_pinwheel,
          nicolae_vaults_quartermaster, nicolae_vaults_little_squares_1,
          grunt_vaults_focal, vaults_room_semicircle, layout_vaults_omnibox,
          uniq_bai_suzhen
Vaults:5
Crypt:1:  minmay_skeleton_keep, layout_catacombs, basic_altar
Crypt:2:  layout_chaotic_city, basic_altar, serial_sigils_hangedman_stare,
          corexii_leaking_fountain
Crypt:3:  david_glass_crypt, layout_misc_corridors,
          tomb_entry_forgotten_bobbens, st_chilly_death
Depths:1: layout_cave_shapes, pf_hell_entry_great_geh, rand_demon_pan_entry_8,
          abyss_entry_flame_altar, nicolae_ashenzari_panopticon,
          nicolae_lava_and_water, beargit_hepliaklqana_dungeon_heroes
Depths:2: minmay_the_grid_octo_tiled_squarecenter [minmay_the_grid_octo_empty,
          minmay_the_grid_octo_shrine, minmay_the_grid_octo_tetromino_candy,
          minmay_the_grid_octo_checkered,
          minmay_the_grid_square_5x5_megaprize_open,
          minmay_the_grid_square_5x5_three,
          minmay_the_grid_square_5x5_eight_small,
          minmay_the_grid_square_5x5_inset, minmay_the_grid_square_5x5_minibox],
          layout_gridville, pf_coc_iceberg, grunt_pan_entry_in_and_out,
          chequers_serial_rivers_large_a, serial_bayou_shore_b
Depths:3: minmay_skeletal_surprise, layout_cave_pools,
          chequers_serial_rivers_micro_c, abyss_entry, serial_column_ruins,
          column_ruins_square_medium, column_ruins_corridor_dead_end,
          column_ruins_corridor_straight, column_ruins_grid_1,
          column_ruins_grid_3, column_ruins_columns_straight,
          column_ruins_open_tiny, hangedman_tar_grid_catacomb,
          nicolae_elevator_lobby_plus, infiniplex_staircase_trident
Depths:4: evilmike_zot_entry_basic, layout_cave_shapes, enter_ziggurat_d,
          pan_entry, minmay_misc_feat_four_crosses,
          abyss_entry_small_statue_room, lightli_too_deep,
          hangedman_stitches_earthworm, kennysheep_random_hallway

Skill      XL: |  1  2  3  4  5  6  7  8  9 10 11 12 13 14 15 16 17 18 19 20 21 22 |
---------------+-------------------------------------------------------------------+-----
Ranged Weapons | 4 5 6 8 9 11 14 16 18 19 22 | 22.7
Fighting       | 5 7 10 13 15 17 18 20 21 22 | 22.7
Dodging        | 5 7 10 13 15 17 18 20 21 22 | 22.7
Stealth        | |  0.8

Action                     |  1- 3 |  4- 6 |  7- 9 | 10-12 | 13-15 | 16-18 | 19-21 | 22-24 || total
---------------------------+-------+-------+-------+-------+-------+-------+-------+-------++-------
   Fire: Shortbow          |   134 |   196 |   127 |       |       |       |       |       ||   457
         Arbalest          |       |       |   154 |   458 |  1245 |  1210 |       |       ||  3067
         Longbow           |       |       |       |       |       |       |  1605 |   664 ||  2269
  Evoke: Wand              |       |       |       |       |       |       |     1 |       ||     1
    Use: Scroll            |     7 |    10 |     9 |     8 |     6 |     5 |     4 |     4 ||    53
         Potion            |       |       |     1 |     8 |     3 |     7 |     2 |     6 ||    27
 Armour: Robe              |    21 |    29 |    27 |       |       |       |       |       ||    77
         Steam dragon scal |       |       |       |    52 |   103 |    64 |    28 |    17 ||   264
  Dodge: Dodged            |    43 |    77 |   118 |   265 |   714 |  1026 |   738 |   554 ||  3535
  Block: Other             |       |       |       |    23 |   119 |       |       |       ||   142
         Reflection        |       |       |       |       |     4 |       |       |       ||     4

Table legend: (Time is in decaauts)
 A = Elapsed time spent in this place.
 B = Non-inter-level travel time spent in this place.
 C = Inter-level travel time spent in this place.
 D = Time resting spent in this place.
 E = Time spent auto-exploring this place.
 F = Levels seen in this place.
 G = Mean time per level.
                   A        B        C        D        E       F      G
               +--------+--------+--------+--------+--------+-----+--------+
         Total |  48439 |  44256 |   4183 |   9564 |  25883 |  47 | 1030.6 |
       Dungeon |  15584 |  13664 |   1920 |   2619 |   8778 |  15 | 1038.9 |
          Lair |   8708 |   7935 |    773 |   3056 |   3535 |   5 | 1741.6 |
         Swamp |   2375 |   2219 |    156 |    135 |   1642 |   4 |  593.8 |
   Spider Nest |   3828 |   3607 |    221 |    898 |   1677 |   4 |  957.0 |
  Orcish Mines |   1646 |   1525 |    121 |    423 |    780 |   2 |  823.0 |
   Elven Halls |   1755 |   1638 |    117 |     68 |   1217 |   2 |  877.5 |
        Vaults |   4846 |   4337 |    509 |    385 |   2847 |   5 |  969.2 |
         Crypt |   3389 |   3209 |    180 |    304 |   2281 |   3 | 1129.7 |
        Depths |   4352 |   4171 |    181 |    697 |   2680 |   4 | 1088.0 |
        Bazaar |     71 |     71 |      0 |      0 |     43 |   1 |   71.0 |
        Bailey |    940 |    940 |      0 |    589 |     99 |   1 |  940.0 |
      Gauntlet |    938 |    938 |      0 |    388 |    302 |   1 |  938.0 |
               +--------+--------+--------+--------+--------+-----+--------+

Top non-repeatable levels by time:
  Lair:1: 2229 daAuts
  Lair:2: 2088 daAuts
 Crypt:1: 1907 daAuts
  Lair:4: 1731 daAuts
Depths:1: 1494 daAuts
  Lair:5: 1461 daAuts
     D:7: 1439 daAuts
     D:8: 1409 daAuts
Vaults:2: 1390 daAuts
Spider:4: 1340 daAuts
Vaults:4: 1305 daAuts
     D:6: 1262 daAuts
    D:15: 1260 daAuts
Vaults:3: 1240 daAuts
    D:14: 1216 daAuts
